 Dungeon Crawl Stone Soup version 0.28.0-49-g6dfe1f597d (webtiles) character file.

Game seed: 12973292216984147929

105 bnorton916 the Magician (level 4, 0/24 HPs)
             Began as a Deep Elf Fire Elementalist on May 15, 2022.
             Killed by nerve-wracking pain
             ... invoked by an orc priest
              (4 damage)
             ... on level 3 of the Dungeon.
             The game lasted 00:03:53 (2742 turns).

bnorton916 the Magician (DEFE)                      Turns: 2742, Time: 00:03:54

Health: 0/24       AC:  4    Str:  5    XL:     4   Next: 53%
Magic:  5/12       EV: 12    Int: 22    God:
Gold:   52         SH:  0    Dex: 15    Spells: 5/11 levels left

rFire   . . .      SeeInvis .   (no weapon)
rCold   . . .      Faith    .   (no shield)
rNeg    . . .      Spirit   .   a - +0 robe
rPois   .          Reflect  .   (no helmet)
rElec   .          Harm     .   (no cloak)
rCorr   .          Rampage  .   b - +1 pair of gloves
Will    .....                   (no boots)
Stlth   ++........              (no amulet)
HPRegen 0.08/turn               (no ring)
MPRegen 0.13/turn               (no ring)

@: no status effects
A: no striking features
a: no special abilities


You were on level 3 of the Dungeon.
You visited 1 branch of the dungeon, and saw 3 of its levels.

You collected 52 gold pieces.

Inventory:

Hand Weapons
 f - the +9 hand axe "Ydoz" {vorpal, *Rage rC+ Will- Str+4 Dex+6}
   (You found it on level 3 of the Dungeon)

   It inflicts extra damage upon your enemies.
   Str:       It affects your strength (+4).
   Dex:       It affects your dexterity (+6).
   rC:        It protects you from cold.
   *Rage:     It berserks you when you make melee attacks (+20% chance).
   Will:      It decreases your willpower.
Missiles
 d - 20 stones
Armour
 a - a +0 robe (worn)
 b - a +1 pair of gloves (worn)
 c - a +0 buckler
 e - a +2 buckler
Scrolls
 g - a scroll of immolation {unknown}
 h - a scroll of teleportation {unknown}
 i - a scroll of identify {unknown}


   Skills:
 - Level 2.4 Dodging
 - Level 2.4 Stealth
 + Level 4.4 Spellcasting
 + Level 2.9 Conjurations
 + Level 4.3 Fire Magic


You had 5 spell levels left.
You knew the following spells:

 Your Spells              Type           Power      Damage    Failure   Level
a - Foxfire               Conj/Fire      80%        2x1d8     2%          1
b - Scorch                Fire           46%        2d7       2%          2
c - Conjure Flame         Conj/Fire      20%        6-21      8%          3

Your spell library contained the following spells:

 Spells                   Type           Power      Damage    Failure   Level
 Animate Skeleton         Necr           8%         N/A       11%         1
 Pain                     Necr           16%        1d4       11%         1
 Inner Flame              Hex/Fire       14%        N/A       13%         3
 Flame Wave               Conj/Fire      20%        2d7       24%         4
 Vampiric Draining        Necr           4%         2d6       32%         3


Dungeon Overview and Level Annotations

Branches:
Dungeon (3/15)

Altars:

Shops:
D:2 *

Annotations:
D:2 Robin


Message History

Casting: Foxfire (safe; 2% risk of failure)
Confirm with . or Enter, or press ? or * to list all spells.
You conjure some foxfire!
The adder misses you. The adder bites you but does no damage.
The adder bites you.
You are poisoned.
The adder poisons you!
Your foxfire dissipates!
You feel sick.
The foxfire hits the adder.
The adder is moderately wounded.
You feel sick. The adder barely misses you.
Casting: Foxfire (safe; 2% risk of failure)
Confirm with . or Enter, or press ? or * to list all spells.
Flames lash the adder.
You kill the adder!
You feel sick.
You feel sick.
You are no longer poisoned.
The orc priest barely misses you.
Unknown command.
You see here a rat corpse.
Casting: Scorch (safe; 2% risk of failure)
Confirm with . or Enter, or press ? or * to list all spells.
Flames lash the orc.
You kill the orc!
You hear a shout!
The orc priest misses you.
The orc priest invokes the aid of Beogh against you.
Beogh smites you!
Ouch! That really hurt!
* * * LOW HITPOINT WARNING * * *
Unknown command.
Casting: Scorch (safe; 2% risk of failure)
Confirm with . or Enter, or press ? or * to list all spells.
Flames lash the orc priest.
The orc priest is heavily wounded.
The orc priest's fire resistance burns away.
The orc priest invokes the aid of Beogh against you.
Pain shoots through your body!
You die...

######...##.## #...####.o#
#.(...###...# #...# #.##.##
##.## ###†## ###.##.#
#.#####...# .......##
##.....#.#.#####§.#
.##.....###......).#..$.....#
.#####.#....####.######.#####
.##....###....##o# ...
.##.##.# #.##.##@# .#.#
.##.##.# #.##.##.# .#.#
.......# #.......# .. #
###<#### ##.....## §. #.#
#.....# ## #.# #.....# #.#
#.>...# #.# ####### #.#


You could see an orc priest (combustible).

Vanquished Creatures
  Terence (D:2)
  2 adders
  A dart slug (D:1)
  An orc (D:3)
  A ball python (D:1)
  3 endoplasms
  3 giant cockroaches (D:1)
  12 goblins
  6 hobgoblins
  4 jackals (D:1)
  6 kobolds
  2 quokkas (D:1)
  6 bats (D:1)
  2 frilled lizards
  3 rats
53 creatures vanquished.

Vanquished Creatures (others)
  144 foxfires
144 creatures vanquished.

Grand Total: 197 creatures vanquished

Notes
Turn   | Place    | Note
-------+----------+-------------------------------------------
     0 | D:1      | bnorton916 the Deep Elf Fire Elementalist began the quest
                  | for the Orb.
     0 | D:1      | Reached XP level 1. HP: 10/10 MP: 6/6
   223 | D:1      | Reached XP level 2. HP: 13/15 MP: 1/8
   300 | D:1      | Learned a level 2 spell: Scorch
   941 | D:1      | Reached XP level 3. HP: 19/19 MP: 7/10
  1024 | D:1      | Found a faded altar of an unknown god.
  1139 | D:1      | Learned a level 3 spell: Conjure Flame
  1469 | D:2      | Found Wibolokk's General Store.
  1522 | D:2      | Noticed Robin
  1661 | D:2      | Noticed Terence
  1671 | D:2      | Killed Terence
  1672 | D:2      | Reached XP level 4. HP: 24/24 MP: 7/12
  2724 | D:3      | Identified the +9 hand axe "Ydoz" {vorpal, *Rage rC+ Will-
                  | Str+4 Dex+6}
  2742 | D:3      | Killed from afar by an orc priest

Illustrated notes

Levels and vault maps discovered:
D:1:      kennysheep_arrival_seaside, layout_basic,
          ebering_ecumenical_altar_ruins, corexii_leaking_fountain
D:2:      layout_basic, serial_shops, nicolae_shop_advertising_works
          [nicolae_subvault_shop_adworks], uniq_robin, uniq_terence
D:3:      layout_loops_cross, mainiacjoe_overflow_boulevard,
          grunt_dithmenos_smoke_and_mirrors, minivault_11, minmay_box_of_dots,
          uniq_jessica

Skill      XL: |  1  2  3 |
---------------+----------+-----
Conjurations   | 2 |  2.9
Spellcasting   | 4 |  4.4
Fire Magic     | 4 |  4.3
Dodging        | |  2.4
Stealth        | |  2.4

Action                   |  1- 3 |  4- 6 || total
-------------------------+-------+-------++-------
Melee: Unarmed           |     1 |     2 ||     3
 Cast: Foxfire           |    61 |    27 ||    88
       Scorch            |     1 |     5 ||     6
  Use: Potion            |     1 |       ||     1
       Scroll            |       |     1 ||     1
Armor: Robe              |    11 |    10 ||    21
Dodge: Dodged            |    26 |    35 ||    61
